Wolfpack vs Marlies
Created - April 14, 2024 at 19:43
Goals
|
| Wolfpack |
3 |
0 |
2 |
5 |
| Marlies |
0 |
3 |
4 |
7 |
|
Shots
|
| Wolfpack |
17 |
10 |
6 |
33 |
| Marlies |
15 |
10 |
12 |
37 |
|
1st period
1. Wolfpack , David Pope 38 (Stefan Noesen 31, Derrick Pouliot 31) at 4:09
2. Wolfpack , David Pope 39 (Stefan Noesen 32) at 14:22
3. Wolfpack , David Pope 40 (Stefan Noesen 33, Steven Santini 47) at 17:46
Penalties :
Dryden Hunt (Har) for Interference (Minor) at 19:35
2nd period
4. Marlies , Joel Farabee 27 (Aleksi Saarela 36, Mathieu Olivier 20) at 0:36 (PP)
5. Marlies , Mathieu Olivier 28 (Colton Sissons 48, Brendan Guhle 35) at 9:54
6. Marlies , Mathieu Olivier 29 (Tyler Benson 27, Colton Sissons 49) at 13:55
Penalties :
Hugh McGing (Tor) for Cross-checking (Minor) at 2:20
3rd period
7. Marlies , Pierre-Olivier Joseph 20 (Colton Sissons 50, Martin Necas 33) at 2:22 (PP)
8. Marlies , Hugh McGing 3 (Tobias Lindberg 10) at 9:56
9. Marlies , Aleksi Saarela 24 (Tobias Lindberg 11, Hugh McGing 4) at 12:21
10. Wolfpack , Casey Mittelstadt 21 (David Pope 53, Stefan Noesen 34) at 12:29
11. Marlies , Tyler Benson 19 (Rasmus Dahlin 26, Mathieu Olivier 21) at 18:56
12. Wolfpack , David Pope 41 (Casey Mittelstadt 50, Steven Santini 48) at 19:32 (PP)
Penalties :
Ryan Culkin (Har) for Slashing (Minor) at 2:11, Aleksi Saarela (Tor) for Tripping (Minor) at 6:24, David Pope (Har) for Elbowing (Minor) at 17:07, Joel Farabee (Tor) for Slashing (Minor) at 17:45
Goalie Stats
Eric Comrie (Har), 30 saves from 37 shots - (0.811), L, 28-15-6, 60:00 minutes
Maxime Lagace (Tor), 28 saves from 33 shots - (0.848), W, 22-18-4, 60:00 minutes
Players Stats for Wolfpack
Player Name G A P +/- PIM S H SB GA TA FO MP PP MP PK MP
------------------------------------------------------------------------------------
Alex Barre-Boulet 0 0 0 -1 0 2 0 0 0 0 1/4 12:12 0:00 0:00
Cale Fleury 0 0 0 -1 0 1 0 0 0 0 0/0 11:47 0:00 0:00
Casey Mittelstadt 1 1 2 3 0 3 3 1 0 2 13/39 23:04 1:47 1:43
Colton White 0 0 0 -2 0 4 2 0 0 2 0/0 18:58 1:49 0:00
Connor Chatam 0 0 0 -1 0 3 3 0 1 0 0/1 13:04 0:38 0:00
David Pope 4 1 5 3 2 6 1 0 1 0 2/2 21:30 1:53 1:12
Derrick Pouliot 0 1 1 2 0 3 0 3 0 2 0/0 29:15 2:35 1:50
Dryden Hunt 0 0 0 -1 2 0 2 0 1 0 1/3 16:55 2:23 0:38
Jake Marchment 0 0 0 -2 0 2 2 0 0 0 1/2 9:15 0:40 0:00
Jakub Lauko 0 0 0 -2 0 0 1 0 0 0 0/1 8:35 0:00 0:00
Joshua Jacobs 0 0 0 -1 0 0 0 0 0 0 0/0 11:47 0:00 0:00
Nolan Patrick 0 0 0 -1 0 3 3 1 1 0 8/12 15:43 1:57 0:07
Owen Tippet 0 0 0 -2 0 1 0 0 0 0 0/0 8:35 0:00 0:00
Ryan Culkin 0 0 0 -2 2 1 1 0 0 1 0/0 18:57 1:49 0:00
Sebastian Collberg 0 0 0 0 0 0 2 1 1 1 0/1 14:55 1:57 0:00
Stefan Noesen 0 4 4 3 0 3 1 0 1 0 1/1 19:49 1:23 0:00
Steven Santini 0 2 2 2 0 1 3 3 0 0 0/0 29:15 2:35 1:50
Yegor Korshkov 0 0 0 -1 0 0 1 0 0 0 0/0 13:10 0:34 0:00
Players Stats for Marlies
Player Name G A P +/- PIM S H SB GA TA FO MP PP MP PK MP
------------------------------------------------------------------------------------
Aleksi Saarela 1 1 2 0 2 4 2 0 3 0 17/27 20:24 0:31 0:36
Alex Formenton 0 0 0 -1 0 0 0 0 0 0 0/0 12:20 0:00 1:22
Brendan Guhle 0 1 1 0 0 1 1 0 0 1 0/0 28:54 1:42 2:32
Colton Sissons 0 3 3 0 0 1 3 2 0 0 17/24 17:44 1:19 2:19
Hugh McGing 1 1 2 1 2 3 5 0 0 0 1/1 8:53 0:00 0:00
Jeff Corbett 0 0 0 0 0 1 1 4 0 1 0/0 22:24 0:08 2:22
Joel Farabee 1 0 1 0 2 4 2 0 1 1 1/1 18:54 0:30 0:00
Keaton Thompson 0 0 0 1 0 0 0 0 0 1 0/0 13:11 0:00 0:00
Kole Sherwood 0 0 0 0 0 1 1 0 1 0 0/0 11:11 0:00 0:00
Logan Brown 0 0 0 -1 0 1 3 0 1 0 1/8 12:28 0:00 1:13
Lucas Carlsson 0 0 0 1 0 0 2 2 0 0 0/0 13:27 0:00 0:16
Martin Necas 0 1 1 1 0 4 1 0 1 0 1/2 20:54 1:19 0:05
Mathieu Olivier 2 2 4 0 0 2 0 0 0 0 0/2 14:48 0:31 0:48
Matthew Highmore 0 0 0 0 0 0 0 0 1 0 1/1 9:57 0:00 0:16
Pierre-Olivier Joseph 1 0 1 0 0 8 0 2 0 0 0/0 24:25 1:42 2:02
Rasmus Dahlin 0 1 1 0 0 0 1 0 0 0 0/0 17:39 0:08 1:36
Tobias Lindberg 0 2 2 1 0 0 1 0 0 0 0/0 8:53 0:00 0:00
Tyler Benson 1 1 2 1 0 7 3 0 0 2 0/0 17:46 1:19 2:09
3 Stars
1 - David Pope (Har)
2 - Mathieu Olivier (Tor)
3 - Stefan Noesen (Har)
Power Play
Wolfpack - 1 on 3 Attempt(s) - 33.33%
Marlies - 2 on 3 Attempt(s) - 66.67%
Penalty Kill
Wolfpack - 1 on 3 Attempt(s) - 33.33%
- Score 0 goal in Penalty Kill
Marlies - 2 on 3 Attempt(s) - 66.67%
- Score 0 goal in Penalty Kill
Team Stat
Wolfpack - Hits : 25 - Faceoff Wins : 27 - Blocked Shots : 9 - Penalty Minutes : 6
Marlies - Hits : 26 - Faceoff Wins : 39 - Blocked Shots : 10 - Penalty Minutes : 6
Official
Referees : Eric Furlatt and Kyle Rehman
Linesman : Steve Barton and Greg Devorski
Game Notes
David Pope has scored a Hat Trick!
Finance
Level 1 -- Attendance: 1797 (89.85%) -- Ticket Income $125,790
Level 2 -- Attendance: 834 (83.40%) -- Ticket Income $33,360
Total Attendance: 2631 (87.70%)
Total Ticket Income: $159,150
Other Income: $7,958
Total Income: $167,108
Wolfpack
5 vs 5 Forward
Center Left Wing Right Wing Time % Phy DF OF
1 Casey Mittelstadt David Pope Stefan Noesen 40 1 2 2
2 Nolan Patrick Dryden Hunt Sebastian Collberg 30 1 2 2
3 Alex Barre-Boulet Yegor Korshkov Connor Chatam 20 1 2 2
4 Jake Marchment Jakub Lauko Owen Tippet 10 1 2 2
5 vs 5 Defense
Defense Defense Time % Phy DF OF
1 Derrick Pouliot Steven Santini 40 1 2 2
2 Ryan Culkin Colton White 30 1 2 2
3 Joshua Jacobs Cale Fleury 20 1 2 2
4 Derrick Pouliot Steven Santini 10 1 2 2
PowerPlay Forward
Center Left Wing Right Wing Time % Phy DF OF
1 Casey Mittelstadt David Pope Stefan Noesen 60 1 2 2
2 Nolan Patrick Dryden Hunt Sebastian Collberg 40 1 2 2
PowerPlay Defense
Defense Defense Time % Phy DF OF
1 Derrick Pouliot Steven Santini 60 1 2 2
2 Ryan Culkin Colton White 40 1 2 2
Penalty Kill 4 Players Forward
Center Wing Time % Phy DF OF
1 Casey Mittelstadt David Pope 60 1 2 2
2 Nolan Patrick Dryden Hunt 40 1 2 2
Penalty Kill 4 Players Defense
Defense Defense Time % Phy DF OF
1 Derrick Pouliot Steven Santini 60 1 2 2
2 Ryan Culkin Colton White 40 1 2 2
Penalty Kill - 3 Players Forward
Forward Time % Phy DF OF
1 Casey Mittelstadt 60 1 2 2
2 Nolan Patrick 40 1 2 2
Penalty Kill - 3 Players Defense
Defense Defense Time % Phy DF OF
1 Derrick Pouliot Steven Santini 60 1 2 2
2 Ryan Culkin Colton White 40 1 2 2
4 vs 4 Forward
Center Wing Time % Phy DF OF
1 Casey Mittelstadt David Pope 60 1 2 2
2 Nolan Patrick Dryden Hunt 40 1 2 2
4 vs 4 Defense
Defense Defense Time % Phy DF OF
1 Derrick Pouliot Steven Santini 60 1 2 2
2 Ryan Culkin Colton White 40 1 2 2
Last Minutes Offensive
Center Left Wing Right Wing Defense Defense
Casey Mittelstadt David Pope Stefan Noesen Derrick Pouliot Steven Santini
Last Minutes Defensive
Center Left Wing Right Wing Defense Defense
Casey Mittelstadt David Pope Stefan Noesen Derrick Pouliot Steven Santini
Goaltenders
Starting : Eric Comrie
Backup : Mike Condon
Extra Forwards
Normal : Casey Mittelstadt, Dryden Hunt, Nolan Patrick - PP : Casey Mittelstadt, Dryden Hunt - PK : Casey Mittelstadt
Extra Defensemen
Normal : Colton White, Joshua Jacobs, Cale Fleury - PP : Colton White - PK : Colton White, Joshua Jacobs
Penalty Shots
Stefan Noesen, David Pope, Sebastian Collberg, Connor Chatam, Casey Mittelstadt
Custom OT Lines Forwards
Stefan Noesen, David Pope, Sebastian Collberg, Connor Chatam, Casey Mittelstadt, Dryden Hunt, Nolan Patrick, Owen Tippet, Alex Barre-Boulet, Jake Marchment
Custom OT Lines Defensemen
Derrick Pouliot, Steven Santini, Ryan Culkin, Colton White, Joshua Jacobs
Scratches
Ryan Poehling (Healthy), Mason Shaw (Healthy), Samuel Houde (Healthy), K'Andre Miller (Healthy), Dylan Samberg (Healthy)
Mikhail Vorobyev (Healthy), Will Borgen (Healthy), Alexander Barabanov (Healthy), Andrew Peeke (Healthy), Dante Fabbro (Healthy)
Jeffrey Viel (Healthy), Linus Sandin (Healthy), Alexander Volkov (Healthy), Jack Drury (Healthy), Martin Kaut (Healthy)
Mathias Laferriere (Healthy), Samuel Ersson (Healthy), Jake Paterson (Healthy)
Marlies
5 vs 5 Forward
Center Left Wing Right Wing Time % Phy DF OF
1 Aleksi Saarela Joel Farabee Martin Necas 40 1 2 2
2 Colton Sissons Tyler Benson Mathieu Olivier 30 1 2 2
3 Logan Brown Alex Formenton Kole Sherwood 20 1 2 2
4 Matthew Highmore Hugh McGing Tobias Lindberg 10 1 2 2
5 vs 5 Defense
Defense Defense Time % Phy DF OF
1 Brendan Guhle Pierre-Olivier Joseph 40 1 2 2
2 Jeff Corbett Rasmus Dahlin 30 1 2 2
3 Keaton Thompson Lucas Carlsson 20 1 2 2
4 Brendan Guhle Jeff Corbett 10 1 2 2
PowerPlay Forward
Center Left Wing Right Wing Time % Phy DF OF
1 Colton Sissons Tyler Benson Martin Necas 60 1 1 3
2 Aleksi Saarela Joel Farabee Mathieu Olivier 40 1 1 3
PowerPlay Defense
Defense Defense Time % Phy DF OF
1 Brendan Guhle Pierre-Olivier Joseph 60 1 1 3
2 Jeff Corbett Rasmus Dahlin 40 1 1 3
Penalty Kill 4 Players Forward
Center Wing Time % Phy DF OF
1 Colton Sissons Tyler Benson 60 1 2 2
2 Logan Brown Mathieu Olivier 40 1 2 2
Penalty Kill 4 Players Defense
Defense Defense Time % Phy DF OF
1 Brendan Guhle Jeff Corbett 60 1 2 2
2 Pierre-Olivier Joseph Rasmus Dahlin 40 1 2 2
Penalty Kill - 3 Players Forward
Forward Time % Phy DF OF
1 Colton Sissons 60 1 2 2
2 Tyler Benson 40 1 2 2
Penalty Kill - 3 Players Defense
Defense Defense Time % Phy DF OF
1 Brendan Guhle Jeff Corbett 60 1 2 2
2 Pierre-Olivier Joseph Rasmus Dahlin 40 1 2 2
4 vs 4 Forward
Center Wing Time % Phy DF OF
1 Colton Sissons Martin Necas 60 1 2 2
2 Logan Brown Mathieu Olivier 40 1 2 2
4 vs 4 Defense
Defense Defense Time % Phy DF OF
1 Brendan Guhle Pierre-Olivier Joseph 60 1 2 2
2 Jeff Corbett Rasmus Dahlin 40 1 2 2
Last Minutes Offensive
Center Left Wing Right Wing Defense Defense
Colton Sissons Joel Farabee Martin Necas Brendan Guhle Pierre-Olivier Joseph
Last Minutes Defensive
Center Left Wing Right Wing Defense Defense
Colton Sissons Tyler Benson Mathieu Olivier Brendan Guhle Lucas Carlsson
Goaltenders
Starting : Maxime Lagace
Backup : Logan Thompson
Extra Forwards
Normal : Kole Sherwood, Tyler Benson, Martin Necas - PP : Mathieu Olivier, Martin Necas - PK : Logan Brown
Extra Defensemen
Normal : Lucas Carlsson, Keaton Thompson, Rasmus Dahlin - PP : Lucas Carlsson - PK : Lucas Carlsson, Keaton Thompson
Penalty Shots
Logan Brown, Aleksi Saarela, Martin Necas, Colton Sissons, Mathieu Olivier
Custom OT Lines Forwards
Colton Sissons, Joel Farabee, Aleksi Saarela, Martin Necas, Logan Brown, Tyler Benson, Alex Formenton, Mathieu Olivier, Kole Sherwood, Matthew Highmore
Custom OT Lines Defensemen
Pierre-Olivier Joseph, Brendan Guhle, Rasmus Dahlin, Jeff Corbett, Keaton Thompson
Scratches
Isac Lundestrom (Healthy), Brycen Martin (Healthy), Marc McLaughlin (Healthy), Jonathan Gruden (Healthy), Dennis Gilbert (Healthy)
Henri Ikonen (Healthy), Jaden Lindo (Healthy), Jakob Forsbacka-Karlsson (Healthy), Dmitri Samorukov (Healthy), Jacob Bernard-Docker (Healthy)
Radovan Bondra (Healthy), Xavier Bernard (Healthy), Mike Hardman (Healthy), Otto Koivula (Healthy), Jonathan Davidsson (Healthy)
Jan Jenik (Healthy), Veini Vehvilainen (Healthy), Matthew Thiessen (Healthy)
% Time on Ice - Wolfpack
Lines # - Real PCT - Wanted PCT - Time Play
Normal Forward
1 - 36% - 40% - 18:40
2 - 25% - 30% - 12:58
3 - 23% - 20% - 12:12
4 - 16% - 10% - 8:35
Normal Defense
1 - 38% - 40% - 19:51
2 - 32% - 30% - 16:40
3 - 22% - 20% - 11:47
4 - 8% - 10% - 4:07
PP Forward
1 - 52% - 60% - 2:17
2 - 48% - 40% - 2:07
PP Defense
1 - 59% - 60% - 2:35
2 - 41% - 40% - 1:49
PK Forward
1 - 94% - 60% - 1:43
2 - 6% - 40% - 0:07
PK Defense
1 - 100% - 60% - 1:50
2 - 0% - 40% - 0:00
PK3 Forward
1 - 0% - 60%
2 - 0% - 40%
PK3 Defense
1 - 0% - 60%
2 - 0% - 40%
44 Forward
1 - 100% - 60% - 1:21
2 - 0% - 40% - 0:00
44 Defense
1 - 64% - 60% - 0:52
2 - 36% - 40% - 0:29
Last Minute Offensive - 0:00
Last Minute Defensive - 0:00
Total
Forward - 60:00
Defense - 60:00
|
% Time on Ice - Marlies
Lines # - Real PCT - Wanted PCT - Time Play
Normal Forward
1 - 37% - 40% - 19:24
2 - 25% - 30% - 13:11
3 - 21% - 20% - 10:57
4 - 17% - 10% - 8:53
Normal Defense
1 - 41% - 40% - 21:14
2 - 28% - 30% - 14:52
3 - 25% - 20% - 13:11
4 - 6% - 10% - 3:08
PP Forward
1 - 72% - 60% - 1:19
2 - 28% - 40% - 0:31
PP Defense
1 - 93% - 60% - 1:42
2 - 7% - 40% - 0:08
PK Forward
1 - 82% - 60% - 3:36
2 - 18% - 40% - 0:48
PK Defense
1 - 64% - 60% - 2:48
2 - 36% - 40% - 1:36
PK3 Forward
1 - 0% - 60%
2 - 0% - 40%
PK3 Defense
1 - 0% - 60%
2 - 0% - 40%
44 Forward
1 - 78% - 60% - 1:03
2 - 22% - 40% - 0:18
44 Defense
1 - 57% - 60% - 0:46
2 - 43% - 40% - 0:35
Last Minute Offensive - 0:00
Last Minute Defensive - 0:00
Total
Forward - 60:00
Defense - 60:00
|
Play-by-Play
1st period
0:01 of 1st period - Aleksi Saarela wins face-off versus Casey Mittelstadt in neutral zone.
0:04 of 1st period - Steven Santini is hit by Aleksi Saarela and loses puck.
0:50 of 1st period - Jeff Corbett is hit by Connor Chatam and loses puck.
0:59 of 1st period - Wrist shot by Connor Chatam.
0:59 of 1st period - Stopped by Maxime Lagace with a rebound.
2:03 of 1st period - Snap shot by Tyler Benson.
2:03 of 1st period - Stopped by Eric Comrie without a rebound.
2:04 of 1st period - Matthew Highmore wins face-off versus Casey Mittelstadt in Wolfpack zone.
2:19 of 1st period - Steven Santini is hit by Hugh McGing and loses puck.
2:36 of 1st period - Wrist shot by Aleksi Saarela.
2:36 of 1st period - Shot Misses the Net.
2:38 of 1st period - Snap shot by Martin Necas.
2:38 of 1st period - Deflect By Aleksi Saarela.
2:38 of 1st period - Stopped by Eric Comrie with a rebound.
2:40 of 1st period - Wrist shot by Aleksi Saarela.
2:40 of 1st period - Shot Blocked by Derrick Pouliot.
2:42 of 1st period - Slapshot by Pierre-Olivier Joseph.
2:42 of 1st period - Stopped by Eric Comrie without a rebound.
2:43 of 1st period - Nolan Patrick wins face-off versus Mathieu Olivier in Wolfpack zone.
3:08 of 1st period - Keaton Thompson is hit by Casey Mittelstadt and loses puck.
3:53 of 1st period - Wrist shot by Logan Brown.
3:53 of 1st period - Deflect By Alex Formenton.
3:53 of 1st period - Shot Misses the Net.
3:53 of 1st period - Puck is out of play.
3:54 of 1st period - Casey Mittelstadt wins face-off versus Logan Brown in Wolfpack zone.
4:01 of 1st period - Slapshot by David Pope.
4:01 of 1st period - Stopped by Maxime Lagace with a rebound.
4:09 of 1st period - Snap shot by David Pope.
4:09 of 1st period - Goal by David Pope - Wolfpack : 1 - Marlies : 0.
4:10 of 1st period - Martin Necas wins face-off versus Nolan Patrick in neutral zone.
4:15 of 1st period - Snap shot by Aleksi Saarela.
4:15 of 1st period - Stopped by Eric Comrie with a rebound.
4:36 of 1st period - Icing by Tyler Benson.
4:37 of 1st period - Colton Sissons wins face-off versus Casey Mittelstadt in Marlies zone.
5:12 of 1st period - Snap shot by David Pope.
5:12 of 1st period - Stopped by Maxime Lagace with a rebound.
5:24 of 1st period - Slapshot by Tyler Benson.
5:24 of 1st period - Stopped by Eric Comrie with a rebound.
5:26 of 1st period - Slapshot by Brendan Guhle.
5:26 of 1st period - Stopped by Eric Comrie without a rebound.
5:27 of 1st period - Aleksi Saarela wins face-off versus Nolan Patrick in Wolfpack zone.
5:28 of 1st period - Slapshot by Joel Farabee.
5:28 of 1st period - Shot Misses the Net.
5:30 of 1st period - Wrist shot by Martin Necas.
5:30 of 1st period - Stopped by Eric Comrie without a rebound.
5:31 of 1st period - Nolan Patrick wins face-off versus Martin Necas in Wolfpack zone.
5:42 of 1st period - Martin Necas is hit by Nolan Patrick and loses puck.
6:01 of 1st period - Wrist shot by Hugh McGing.
6:01 of 1st period - Stopped by Eric Comrie with a rebound.
6:07 of 1st period - Tobias Lindberg is hit by Colton White and loses puck.
6:20 of 1st period - Wrist shot by Nolan Patrick.
6:20 of 1st period - Shot Misses the Net.
6:22 of 1st period - Slapshot by Ryan Culkin.
6:22 of 1st period - Stopped by Maxime Lagace with a rebound.
6:24 of 1st period - Wrist shot by Dryden Hunt.
6:24 of 1st period - Shot Blocked by Jeff Corbett.
6:26 of 1st period - Backhand shot by Nolan Patrick.
6:26 of 1st period - Stopped by Maxime Lagace without a rebound.
6:27 of 1st period - Aleksi Saarela wins face-off versus Alex Barre-Boulet in Marlies zone.
6:34 of 1st period - Snap shot by Joel Farabee.
6:34 of 1st period - Stopped by Eric Comrie without a rebound.
6:35 of 1st period - Aleksi Saarela wins face-off versus Connor Chatam in Wolfpack zone.
7:09 of 1st period - Slapshot by Pierre-Olivier Joseph.
7:09 of 1st period - Stopped by Eric Comrie with a rebound.
7:39 of 1st period - Derrick Pouliot is hit by Hugh McGing.
8:01 of 1st period - Slapshot by Derrick Pouliot.
8:01 of 1st period - Stopped by Maxime Lagace without a rebound.
8:02 of 1st period - Alex Barre-Boulet wins face-off versus Aleksi Saarela in Marlies zone.
8:25 of 1st period - Martin Necas is hit by Connor Chatam and loses puck.
8:42 of 1st period - Wrist shot by Alex Barre-Boulet.
8:42 of 1st period - Stopped by Maxime Lagace without a rebound.
8:43 of 1st period - Colton Sissons wins face-off versus Casey Mittelstadt in Marlies zone.
9:08 of 1st period - Jake Marchment is hit by Logan Brown and loses puck.
10:12 of 1st period - Tyler Benson is hit by Steven Santini and loses puck.
10:33 of 1st period - Casey Mittelstadt is hit by Hugh McGing and loses puck.
10:52 of 1st period - Brendan Guhle is hit by Jakub Lauko and loses puck.
11:09 of 1st period - Snap shot by Alex Formenton.
11:09 of 1st period - Shot Blocked by Derrick Pouliot.
11:29 of 1st period - Mathieu Olivier is hit by Dryden Hunt and loses puck.
11:51 of 1st period - Wrist shot by David Pope.
11:51 of 1st period - Shot Misses the Net.
12:11 of 1st period - Rasmus Dahlin is hit by Steven Santini and loses puck.
12:36 of 1st period - Derrick Pouliot is hit by Lucas Carlsson and loses puck.
13:37 of 1st period - Wrist shot by Ryan Culkin.
13:37 of 1st period - Shot Misses the Net.
14:03 of 1st period - Slapshot by Connor Chatam.
14:03 of 1st period - Stopped by Maxime Lagace with a rebound.
14:05 of 1st period - Slapshot by Colton White.
14:05 of 1st period - Stopped by Maxime Lagace without a rebound.
14:06 of 1st period - Aleksi Saarela wins face-off versus Casey Mittelstadt in Marlies zone.
14:22 of 1st period - Snap shot by David Pope.
14:22 of 1st period - Deflect By Aleksi Saarela.
14:22 of 1st period - Goal by David Pope - Wolfpack : 2 - Marlies : 0.
14:23 of 1st period - Casey Mittelstadt wins face-off versus Aleksi Saarela in neutral zone.
14:30 of 1st period - Slapshot by Joel Farabee.
14:30 of 1st period - Deflect By Aleksi Saarela.
14:30 of 1st period - Shot Misses the Net.
14:30 of 1st period - Puck is out of play.
14:31 of 1st period - Aleksi Saarela wins face-off versus Casey Mittelstadt in Wolfpack zone.
15:07 of 1st period - Snap shot by David Pope.
15:07 of 1st period - Shot Misses the Net.
15:31 of 1st period - Wrist shot by Martin Necas.
15:31 of 1st period - Stopped by Eric Comrie without a rebound.
15:32 of 1st period - Colton Sissons wins face-off versus Nolan Patrick in Wolfpack zone.
15:38 of 1st period - Off-side.
15:39 of 1st period - Dryden Hunt wins face-off versus Colton Sissons in neutral zone.
15:44 of 1st period - Lucas Carlsson is hit by Sebastian Collberg and loses puck.
15:54 of 1st period - Icing by Keaton Thompson.
15:55 of 1st period - Colton Sissons wins face-off versus Alex Barre-Boulet in Marlies zone.
16:10 of 1st period - Snap shot by Mathieu Olivier.
16:10 of 1st period - Deflect By Connor Chatam.
16:10 of 1st period - Shot Misses the Net.
16:10 of 1st period - Puck is out of play.
16:11 of 1st period - Casey Mittelstadt wins face-off versus Aleksi Saarela in Wolfpack zone.
16:26 of 1st period - Snap shot by Aleksi Saarela.
16:26 of 1st period - Deflect By Martin Necas.
16:26 of 1st period - Stopped by Eric Comrie with a rebound.
16:36 of 1st period - Derrick Pouliot is hit by Brendan Guhle and loses puck.
16:46 of 1st period - Off-side.
16:47 of 1st period - Casey Mittelstadt wins face-off versus Logan Brown in neutral zone.
17:14 of 1st period - Off-side.
17:15 of 1st period - Nolan Patrick wins face-off versus Aleksi Saarela in neutral zone.
17:28 of 1st period - Slapshot by Nolan Patrick.
17:28 of 1st period - Shot Misses the Net.
17:30 of 1st period - Slapshot by Derrick Pouliot.
17:30 of 1st period - Deflect By Pierre-Olivier Joseph.
17:30 of 1st period - Stopped by Maxime Lagace without a rebound.
17:31 of 1st period - Colton Sissons wins face-off versus Casey Mittelstadt in Marlies zone.
17:40 of 1st period - Wrist shot by Stefan Noesen.
17:40 of 1st period - Stopped by Maxime Lagace with a rebound.
17:42 of 1st period - Snap shot by Stefan Noesen.
17:42 of 1st period - Stopped by Maxime Lagace with a rebound.
17:44 of 1st period - Wrist shot by Stefan Noesen.
17:44 of 1st period - Shot Blocked by Pierre-Olivier Joseph.
17:46 of 1st period - Snap shot by David Pope.
17:46 of 1st period - Goal by David Pope - Wolfpack : 3 - Marlies : 0.
17:47 of 1st period - Colton Sissons wins face-off versus Dryden Hunt in neutral zone.
18:00 of 1st period - Mathieu Olivier is hit by Nolan Patrick and loses puck.
18:35 of 1st period - Snap shot by Connor Chatam.
18:35 of 1st period - Shot Misses the Net.
18:37 of 1st period - Slapshot by Steven Santini.
18:37 of 1st period - Shot Blocked by Jeff Corbett.
18:39 of 1st period - Snap shot by Connor Chatam.
18:39 of 1st period - Shot Misses the Net.
18:41 of 1st period - Slapshot by Derrick Pouliot.
18:41 of 1st period - Stopped by Maxime Lagace without a rebound.
18:42 of 1st period - Nolan Patrick wins face-off versus Aleksi Saarela in Marlies zone.
18:45 of 1st period - Wrist shot by Nolan Patrick.
18:45 of 1st period - Stopped by Maxime Lagace with a rebound.
18:57 of 1st period - Slapshot by Dryden Hunt.
18:57 of 1st period - Deflect By Nolan Patrick.
18:57 of 1st period - Shot Blocked by Jeff Corbett.
18:57 of 1st period - Puck is out of play.
18:58 of 1st period - Casey Mittelstadt wins face-off versus Colton Sissons in Marlies zone.
19:01 of 1st period - Snap shot by David Pope.
19:01 of 1st period - Shot Misses the Net.
19:35 of 1st period - Minor Penalty to Dryden Hunt for Interference.
19:36 of 1st period - Colton Sissons wins face-off versus Casey Mittelstadt in Wolfpack zone.
19:42 of 1st period - Snap shot by Pierre-Olivier Joseph.
19:42 of 1st period - Stopped by Eric Comrie with a rebound.
19:44 of 1st period - Backhand shot by Pierre-Olivier Joseph.
19:44 of 1st period - Shot Misses the Net.
19:46 of 1st period - Slapshot by Colton Sissons.
19:46 of 1st period - Shot Misses the Net.
19:48 of 1st period - Slapshot by Colton Sissons.
19:48 of 1st period - Shot Misses the Net.
19:50 of 1st period - Snap shot by Tyler Benson.
19:50 of 1st period - Stopped by Eric Comrie with a rebound.
19:52 of 1st period - Wrist shot by Colton Sissons.
19:52 of 1st period - Deflect By Tyler Benson.
19:52 of 1st period - Stopped by Eric Comrie without a rebound.
19:53 of 1st period - Aleksi Saarela wins face-off versus Casey Mittelstadt in Wolfpack zone.
Goals for this period are 3 for Wolfpack vs 0 for Marlies.
Shots for this period are 17 for Wolfpack vs 15 for Marlies.
2nd period
0:01 of 2nd period - Colton Sissons wins face-off versus Casey Mittelstadt in neutral zone.
0:36 of 2nd period - Snap shot by Joel Farabee.
0:36 of 2nd period - Goal by Joel Farabee - Wolfpack : 3 - Marlies : 1.
0:37 of 2nd period - Aleksi Saarela wins face-off versus Nolan Patrick in neutral zone.
1:13 of 2nd period - Snap shot by Joel Farabee.
1:13 of 2nd period - Shot Misses the Net.
1:15 of 2nd period - Slapshot by Jeff Corbett.
1:15 of 2nd period - Stopped by Eric Comrie without a rebound.
1:16 of 2nd period - Colton Sissons wins face-off versus Casey Mittelstadt in Wolfpack zone.
1:17 of 2nd period - Slapshot by Rasmus Dahlin.
1:17 of 2nd period - Shot Misses the Net.
1:29 of 2nd period - Stefan Noesen is hit by Colton Sissons.
1:43 of 2nd period - Snap shot by Nolan Patrick.
1:43 of 2nd period - Stopped by Maxime Lagace with a rebound.
1:49 of 2nd period - Colton White is hit by Logan Brown and loses puck.
2:20 of 2nd period - Minor Penalty to Hugh McGing for Cross-checking.
2:21 of 2nd period - Casey Mittelstadt wins face-off versus Colton Sissons in Marlies zone.
2:46 of 2nd period - Tyler Benson is hit by Sebastian Collberg and loses puck.
2:59 of 2nd period - Brendan Guhle is hit by Ryan Culkin and loses puck.
4:20 of 2nd period - Penalty to Hugh McGing is over, Hugh McGing is back on ice.
4:48 of 2nd period - Derrick Pouliot is hit by Aleksi Saarela and loses puck.
6:12 of 2nd period - Ryan Culkin is hit by Hugh McGing and loses puck.
6:31 of 2nd period - Dryden Hunt is hit by Lucas Carlsson and loses puck.
6:42 of 2nd period - Slapshot by Logan Brown.
6:42 of 2nd period - Shot Misses the Net.
6:54 of 2nd period - Snap shot by Jake Marchment.
6:54 of 2nd period - Stopped by Maxime Lagace with a rebound.
6:56 of 2nd period - Snap shot by Jake Marchment.
6:56 of 2nd period - Stopped by Maxime Lagace with a rebound.
6:58 of 2nd period - Slapshot by Joshua Jacobs.
6:58 of 2nd period - Shot Blocked by Colton Sissons.
7:00 of 2nd period - Slapshot by Joshua Jacobs.
7:00 of 2nd period - Shot Blocked by Colton Sissons.
7:02 of 2nd period - Slapshot by Cale Fleury.
7:02 of 2nd period - Stopped by Maxime Lagace with a rebound.
7:46 of 2nd period - Wrist shot by Logan Brown.
7:46 of 2nd period - Stopped by Eric Comrie without a rebound.
7:47 of 2nd period - Nolan Patrick wins face-off versus Logan Brown in Wolfpack zone.
7:47 of 2nd period - Nolan Patrick is hit by Rasmus Dahlin.
8:11 of 2nd period - Alex Barre-Boulet is hit by Tyler Benson and loses puck.
8:36 of 2nd period - Wrist shot by Aleksi Saarela.
8:36 of 2nd period - Stopped by Eric Comrie without a rebound.
8:37 of 2nd period - Aleksi Saarela wins face-off versus Casey Mittelstadt in Wolfpack zone.
9:12 of 2nd period - Snap shot by Joel Farabee.
9:12 of 2nd period - Stopped by Eric Comrie without a rebound.
9:13 of 2nd period - Colton Sissons wins face-off versus Casey Mittelstadt in Wolfpack zone.
9:14 of 2nd period - Slapshot by Pierre-Olivier Joseph.
9:14 of 2nd period - Deflect By David Pope.
9:14 of 2nd period - Stopped by Eric Comrie without a rebound.
9:15 of 2nd period - Casey Mittelstadt wins face-off versus Colton Sissons in Wolfpack zone.
9:24 of 2nd period - Snap shot by Stefan Noesen.
9:24 of 2nd period - Stopped by Maxime Lagace with a rebound.
9:52 of 2nd period - Wrist shot by Mathieu Olivier.
9:52 of 2nd period - Shot Misses the Net.
9:54 of 2nd period - Snap shot by Mathieu Olivier.
9:54 of 2nd period - Goal by Mathieu Olivier - Wolfpack : 3 - Marlies : 2.
9:55 of 2nd period - Aleksi Saarela wins face-off versus Casey Mittelstadt in neutral zone.
10:20 of 2nd period - Steven Santini is hit by Tyler Benson and loses puck.
11:28 of 2nd period - Slapshot by Colton White.
11:28 of 2nd period - Stopped by Maxime Lagace with a rebound.
12:03 of 2nd period - Rasmus Dahlin is hit by Connor Chatam and loses puck.
12:19 of 2nd period - Icing by Ryan Culkin.
12:20 of 2nd period - Aleksi Saarela wins face-off versus Casey Mittelstadt in Wolfpack zone.
12:50 of 2nd period - Wrist shot by David Pope.
12:50 of 2nd period - Shot Blocked by Lucas Carlsson.
12:52 of 2nd period - Slapshot by Ryan Culkin.
12:52 of 2nd period - Shot Blocked by Lucas Carlsson.
12:54 of 2nd period - Slapshot by Colton White.
12:54 of 2nd period - Stopped by Maxime Lagace without a rebound.
12:55 of 2nd period - Nolan Patrick wins face-off versus Logan Brown in Marlies zone.
13:25 of 2nd period - Slapshot by Jeff Corbett.
13:25 of 2nd period - Shot Misses the Net.
13:30 of 2nd period - Steven Santini is hit by Jeff Corbett and loses puck.
13:45 of 2nd period - Wrist shot by Jake Marchment.
13:45 of 2nd period - Shot Blocked by Jeff Corbett.
13:47 of 2nd period - Snap shot by Owen Tippet.
13:47 of 2nd period - Stopped by Maxime Lagace without a rebound.
13:48 of 2nd period - Colton Sissons wins face-off versus Jake Marchment in Marlies zone.
13:55 of 2nd period - Snap shot by Mathieu Olivier.
13:55 of 2nd period - Goal by Mathieu Olivier - Wolfpack : 3 - Marlies : 3.
13:56 of 2nd period - Casey Mittelstadt wins face-off versus Aleksi Saarela in neutral zone.
14:08 of 2nd period - Martin Necas is hit by Casey Mittelstadt and loses puck.
14:21 of 2nd period - Pierre-Olivier Joseph is hit by Nolan Patrick and loses puck.
14:46 of 2nd period - Slapshot by Alex Barre-Boulet.
14:46 of 2nd period - Stopped by Maxime Lagace without a rebound.
14:47 of 2nd period - Aleksi Saarela wins face-off versus Casey Mittelstadt in Marlies zone.
14:47 of 2nd period - Aleksi Saarela is hit by Casey Mittelstadt.
14:50 of 2nd period - Icing by Joel Farabee.
14:51 of 2nd period - Aleksi Saarela wins face-off versus Casey Mittelstadt in Marlies zone.
15:01 of 2nd period - Off-side.
15:02 of 2nd period - Casey Mittelstadt wins face-off versus Aleksi Saarela in neutral zone.
15:17 of 2nd period - Backhand shot by Aleksi Saarela.
15:17 of 2nd period - Shot Misses the Net.
15:29 of 2nd period - Dryden Hunt is hit by Colton Sissons and loses puck.
15:36 of 2nd period - Wrist shot by Colton Sissons.
15:36 of 2nd period - Shot Blocked by Steven Santini.
15:38 of 2nd period - Snap shot by Tyler Benson.
15:38 of 2nd period - Stopped by Eric Comrie with a rebound.
16:12 of 2nd period - Lucas Carlsson is hit by Yegor Korshkov and loses puck.
16:39 of 2nd period - Brendan Guhle is hit by Stefan Noesen and loses puck.
16:56 of 2nd period - Snap shot by Pierre-Olivier Joseph.
16:56 of 2nd period - Shot Misses the Net.
16:58 of 2nd period - Snap shot by Logan Brown.
16:58 of 2nd period - Shot Blocked by Sebastian Collberg.
17:02 of 2nd period - Slapshot by Kole Sherwood.
17:02 of 2nd period - Stopped by Eric Comrie with a rebound.
17:04 of 2nd period - Snap shot by Alex Formenton.
17:04 of 2nd period - Shot Misses the Net.
17:06 of 2nd period - Snap shot by Alex Formenton.
17:06 of 2nd period - Shot Misses the Net.
17:22 of 2nd period - Owen Tippet is hit by Tobias Lindberg and loses puck.
19:22 of 2nd period - Wrist shot by Connor Chatam.
19:22 of 2nd period - Stopped by Maxime Lagace without a rebound.
19:23 of 2nd period - Jake Marchment wins face-off versus Aleksi Saarela in Marlies zone.
Goals for this period are 0 for Wolfpack vs 3 for Marlies.
Shots for this period are 10 for Wolfpack vs 10 for Marlies.
3rd period
0:01 of 3rd period - Aleksi Saarela wins face-off versus Casey Mittelstadt in neutral zone.
0:14 of 3rd period - Icing by Martin Necas.
0:15 of 3rd period - Aleksi Saarela wins face-off versus Sebastian Collberg in Marlies zone.
0:22 of 3rd period - Snap shot by Aleksi Saarela.
0:22 of 3rd period - Shot Misses the Net.
0:40 of 3rd period - Slapshot by Brendan Guhle.
0:40 of 3rd period - Shot Misses the Net.
0:42 of 3rd period - Snap shot by Brendan Guhle.
0:42 of 3rd period - Shot Blocked by Steven Santini.
1:13 of 3rd period - Wrist shot by Jake Marchment.
1:13 of 3rd period - Shot Misses the Net.
1:28 of 3rd period - Slapshot by Colton White.
1:28 of 3rd period - Deflect By Jeff Corbett.
1:28 of 3rd period - Stopped by Maxime Lagace without a rebound.
1:29 of 3rd period - Nolan Patrick wins face-off versus Aleksi Saarela in Marlies zone.
1:34 of 3rd period - Slapshot by Ryan Culkin.
1:34 of 3rd period - Deflect By Dryden Hunt.
1:34 of 3rd period - Shot Misses the Net.
1:34 of 3rd period - Puck is out of play.
1:35 of 3rd period - Aleksi Saarela wins face-off versus Casey Mittelstadt in Marlies zone.
1:35 of 3rd period - Aleksi Saarela is hit by David Pope.
2:11 of 3rd period - Minor Penalty to Ryan Culkin for Slashing.
2:12 of 3rd period - Colton Sissons wins face-off versus Casey Mittelstadt in Wolfpack zone.
2:22 of 3rd period - Slapshot by Pierre-Olivier Joseph.
2:22 of 3rd period - Goal by Pierre-Olivier Joseph - Wolfpack : 3 - Marlies : 4.
2:23 of 3rd period - Joel Farabee wins face-off versus Casey Mittelstadt in neutral zone.
2:31 of 3rd period - Off-side.
2:32 of 3rd period - David Pope wins face-off versus Aleksi Saarela in neutral zone.
3:07 of 3rd period - Icing by Derrick Pouliot.
3:08 of 3rd period - Colton Sissons wins face-off versus Casey Mittelstadt in Wolfpack zone.
3:09 of 3rd period - Snap shot by Mathieu Olivier.
3:09 of 3rd period - Shot Blocked by Casey Mittelstadt.
3:33 of 3rd period - Slapshot by Alex Formenton.
3:33 of 3rd period - Shot Blocked by Nolan Patrick.
3:35 of 3rd period - Wrist shot by Logan Brown.
3:35 of 3rd period - Shot Misses the Net.
5:23 of 3rd period - Icing by Ryan Culkin.
5:24 of 3rd period - Aleksi Saarela wins face-off versus Casey Mittelstadt in Wolfpack zone.
5:27 of 3rd period - Snap shot by Joel Farabee.
5:27 of 3rd period - Stopped by Eric Comrie with a rebound.
6:24 of 3rd period - Minor Penalty to Aleksi Saarela for Tripping.
6:25 of 3rd period - Nolan Patrick wins face-off versus Colton Sissons in Marlies zone.
6:35 of 3rd period - Backhand shot by Nolan Patrick.
6:35 of 3rd period - Shot Misses the Net.
6:37 of 3rd period - Slapshot by Steven Santini.
6:37 of 3rd period - Shot Misses the Net.
6:55 of 3rd period - Brendan Guhle is hit by Steven Santini and loses puck.
7:50 of 3rd period - Rasmus Dahlin is hit by Jake Marchment and loses puck.
8:24 of 3rd period - Penalty to Aleksi Saarela is over, Aleksi Saarela is back on ice.
8:36 of 3rd period - Aleksi Saarela is hit by Dryden Hunt and loses puck.
8:49 of 3rd period - Aleksi Saarela is hit by Jake Marchment and loses puck.
9:56 of 3rd period - Snap shot by Hugh McGing.
9:56 of 3rd period - Goal by Hugh McGing - Wolfpack : 3 - Marlies : 5.
9:57 of 3rd period - David Pope wins face-off versus Logan Brown in neutral zone.
10:22 of 3rd period - Martin Necas is hit by Colton White and loses puck.
11:17 of 3rd period - Slapshot by Pierre-Olivier Joseph.
11:17 of 3rd period - Deflect By David Pope.
11:17 of 3rd period - Stopped by Eric Comrie with a rebound.
11:25 of 3rd period - Wrist shot by David Pope.
11:25 of 3rd period - Shot Blocked by Pierre-Olivier Joseph.
12:02 of 3rd period - Alex Barre-Boulet is hit by Hugh McGing and loses puck.
12:19 of 3rd period - Slapshot by Tobias Lindberg.
12:19 of 3rd period - Shot Blocked by Steven Santini.
12:21 of 3rd period - Snap shot by Aleksi Saarela.
12:21 of 3rd period - Goal by Aleksi Saarela - Wolfpack : 3 - Marlies : 6.
12:22 of 3rd period - Stefan Noesen wins face-off versus Colton Sissons in neutral zone.
12:29 of 3rd period - Wrist shot by David Pope.
12:29 of 3rd period - Deflect By Casey Mittelstadt.
12:29 of 3rd period - Goal by Casey Mittelstadt - Wolfpack : 4 - Marlies : 6.
12:30 of 3rd period - Colton Sissons wins face-off versus Casey Mittelstadt in neutral zone.
12:41 of 3rd period - Slapshot by Colton Sissons.
12:41 of 3rd period - Shot Misses the Net.
12:55 of 3rd period - Steven Santini is hit by Joel Farabee and loses puck.
13:02 of 3rd period - Slapshot by Martin Necas.
13:02 of 3rd period - Shot Misses the Net.
13:24 of 3rd period - Alex Barre-Boulet is hit by Kole Sherwood.
13:42 of 3rd period - Icing by Jake Marchment.
13:43 of 3rd period - Hugh McGing wins face-off versus Jakub Lauko in Wolfpack zone.
14:02 of 3rd period - Snap shot by Hugh McGing.
14:02 of 3rd period - Stopped by Eric Comrie with a rebound.
15:10 of 3rd period - Backhand shot by Pierre-Olivier Joseph.
15:10 of 3rd period - Stopped by Eric Comrie without a rebound.
15:11 of 3rd period - Casey Mittelstadt wins face-off versus Logan Brown in Wolfpack zone.
15:43 of 3rd period - Alex Barre-Boulet is hit by Joel Farabee and loses puck.
16:45 of 3rd period - Wrist shot by Tyler Benson.
16:45 of 3rd period - Stopped by Eric Comrie without a rebound.
16:46 of 3rd period - Casey Mittelstadt wins face-off versus Logan Brown in Wolfpack zone.
17:07 of 3rd period - Minor Penalty to David Pope for Elbowing.
17:08 of 3rd period - Colton Sissons wins face-off versus Dryden Hunt in Wolfpack zone.
17:15 of 3rd period - Snap shot by Pierre-Olivier Joseph.
17:15 of 3rd period - Shot Blocked by Derrick Pouliot.
17:17 of 3rd period - Snap shot by Pierre-Olivier Joseph.
17:17 of 3rd period - Stopped by Eric Comrie with a rebound.
17:19 of 3rd period - Wrist shot by Pierre-Olivier Joseph.
17:19 of 3rd period - Shot Misses the Net.
17:21 of 3rd period - Slapshot by Martin Necas.
17:21 of 3rd period - Stopped by Eric Comrie without a rebound.
17:22 of 3rd period - Casey Mittelstadt wins face-off versus Colton Sissons in Wolfpack zone.
17:33 of 3rd period - Snap shot by Colton Sissons.
17:33 of 3rd period - Stopped by Eric Comrie with a rebound.
17:38 of 3rd period - Off-side.
17:39 of 3rd period - Casey Mittelstadt wins face-off versus Mathieu Olivier in neutral zone.
17:45 of 3rd period - Minor Penalty to Joel Farabee for Slashing.
17:46 of 3rd period - Colton Sissons wins face-off versus Casey Mittelstadt in Marlies zone.
17:58 of 3rd period - Slapshot by Steven Santini.
17:58 of 3rd period - Stopped by Maxime Lagace with a rebound.
18:00 of 3rd period - Slapshot by Derrick Pouliot.
18:00 of 3rd period - Shot Misses the Net.
18:02 of 3rd period - Snap shot by Casey Mittelstadt.
18:02 of 3rd period - Stopped by Maxime Lagace with a rebound.
18:12 of 3rd period - Steven Santini is hit by Martin Necas.
18:34 of 3rd period - Ryan Culkin is hit by Colton Sissons.
18:56 of 3rd period - Snap shot by Tyler Benson.
18:56 of 3rd period - Goal by Tyler Benson - Wolfpack : 4 - Marlies : 7.
18:57 of 3rd period - Colton Sissons wins face-off versus Casey Mittelstadt in neutral zone.
19:07 of 3rd period - Penalty to David Pope is over, David Pope is back on ice.
19:18 of 3rd period - Snap shot by Casey Mittelstadt.
19:18 of 3rd period - Stopped by Maxime Lagace with a rebound.
19:32 of 3rd period - Wrist shot by David Pope.
19:32 of 3rd period - Goal by David Pope - Wolfpack : 5 - Marlies : 7.
19:33 of 3rd period - Logan Brown wins face-off versus Alex Barre-Boulet in neutral zone.
19:42 of 3rd period - Steven Santini is hit by Logan Brown and loses puck.
19:59 of 3rd period - Sebastian Collberg is hit by Tyler Benson and loses puck.
Goals for this period are 2 for Wolfpack vs 4 for Marlies.
Shots for this period are 6 for Wolfpack vs 12 for Marlies.